 Dungeon Crawl Stone Soup version 0.30-a0-739-gea05faddec (webtiles) character file.

Game seed: 14877492759468433145

48 avis the Shooter (level 3, -4/31 HPs)
             Began as a Demigod Hunter on Feb 5, 2023.
             Slain by a gnoll
             ... wielding a +0 club
              (8 damage)
             ... on level 2 of the Dungeon.
             The game lasted 00:09:38 (1717 turns).

avis the Shooter (Demigod Hunter)                   Turns: 1717, Time: 00:09:38

Health: -4/31      AC:  3    Str: 12    XL:     3   Next: 30%
Magic:  5/5        EV: 12    Int: 11    God:
Gold:   59         SH:  0    Dex: 21    Spells: 2/2 levels left

rFire   . . .      SeeInvis .    a - +0 shortbow
rCold   . . .      Faith    .    (shield currently unavailable)
rNeg    . . .      Spirit   .    c - +0 leather armour
rPois   .          Reflect  .    (no helmet)
rElec   .          Harm     .    (no cloak)
rCorr   .          Rampage  .    (no gloves)
Will    .....                    (no boots)
Stlth   ++                       (no amulet)
HPRegen 0.25/turn                (no ring)
MPRegen 0.09/turn                (no ring)

@: no status effects
A: high MP 1, forlorn, divine attributes
a: no special abilities


You were on level 2 of the Dungeon.
You visited 1 branch of the dungeon, and saw 3 of its levels.

You collected 73 gold pieces.
You spent 14 gold pieces at shops.

Inventory:

Hand Weapons
 a - a +0 shortbow (weapon)
 b - a +0 rapier
 w - a +0 falchion
Missiles
 g - 6 poisoned darts
 o - a throwing net
Armour
 c - a +0 leather armour (worn)
 p - a +0 buckler
Jewellery
 t - a ring of ice
Scrolls
 d - 6 scrolls of teleportation {unknown}
 e - a scroll of amnesia {unknown}
 i - 5 scrolls of identify {unknown}
 k - a scroll of blinking {unknown}
 l - 2 scrolls of immolation
 n - a scroll of poison {unknown}
 s - a scroll of vulnerability {unknown}
 u - a scroll of noise
Potions
 f - 2 potions of heal wounds {unknown}
 h - 2 potions of lignification {unknown}
 j - a potion of degeneration {unknown}
 m - a potion of might {unknown}
 q - a potion of brilliance {unknown}
 r - a potion of attraction {unknown}


   Skills:
 - Level 3.0 Fighting
 * Level 4.1 Ranged Weapons
 - Level 1.7 Dodging
 - Level 0.8 Stealth


You had 2 spell levels left.
You didn't know any spells.
Your spell library was empty.

Dungeon Overview and Level Annotations

Branches:
Dungeon (3/15)

Shops:
D:2 :**?*

Annotations:
D:1 scrolls in down chute


Innate Abilities, Weirdness & Mutations

You have an increased reservoir of magic. (+10% MP)
You shall have no god before yourself.
Your divine heritage dramatically boosts your attributes as you level up.


Message History

Aim: a gnoll, wielding a +0 club (wandering, hasn't noticed you, 69% to hit)
You shoot an arrow. The arrow barely misses the gnoll.
The gnoll shouts!
A goblin comes into view. It is wielding a +0 dagger.
The gnoll barely misses you. The gnoll hits you with a +0 club.
The gnoll hits you but does no damage.
You climb upwards.
There is a stone staircase leading down here.
Fire: a) +0 shortbow
Press: ? - help, Q - select action, (/) - cycle Shift-Dir - straight line, f - gnoll
Aim: a gnoll, wielding a +0 club (69% to hit)
You shoot an arrow. The arrow hits the gnoll.
The gnoll is moderately wounded.
The gnoll misses you. The gnoll hits you with a +0 club.
Fire: a) +0 shortbow
Press: ? - help, Q - select action, (/) - cycle Shift-Dir - straight line, f/p - gnoll
Aim: a gnoll, wielding a +0 club (moderately wounded, 69% to hit)
You shoot an arrow. The arrow hits the gnoll!
The gnoll is almost dead.
The gnoll closely misses you. The gnoll hits you with a +0 club!
The gnoll barely misses you. The gnoll hits you with a +0 club.
Fire: a) +0 shortbow
Press: ? - help, Q - select action, (/) - cycle Shift-Dir - straight line, f/p - gnoll
Aim: a gnoll, wielding a +0 club (almost dead, 69% to hit)
You shoot an arrow. The arrow barely misses the gnoll.
The gnoll closely misses you. The gnoll hits you with a +0 club!
* * * LOW HITPOINT WARNING * * *
Fire: a) +0 shortbow
Press: ? - help, Q - select action, (/) - cycle Shift-Dir - straight line, f/p - gnoll
Aim: a gnoll, wielding a +0 club (almost dead, 69% to hit)
You shoot an arrow. The arrow barely misses the gnoll.
The gnoll barely misses you. The gnoll closely misses you.
Fire: a) +0 shortbow
Press: ? - help, Q - select action, (/) - cycle Shift-Dir - straight line, f/p - gnoll
Aim: a gnoll, wielding a +0 club (almost dead, 69% to hit)
You shoot an arrow.
The arrow hits the gnoll but does no damage.
The gnoll is almost dead.
The gnoll hits you with a +0 club!
You die...

#.#...#. ##..∩..# #.#...#.
####### ##### #..#.#.. ......#
#...## ##...#... ......# #'#..#
##..###.#. ......# #.##.# ##..##
#... ......# #g##.###..## ###.
......# #@#......## #[ ...####
#g≈......# #. ####
#######.≈......# #. #####
#....##∩#......# ####. ....##
#....##÷#......# #.... ###..##
#....##.#......### #.### ####..##
#....##'#........# #....
.......###....##.#.......[# #.##.
.......'.'....'...........######.


You could see 2 gnolls.

Vanquished Creatures
  2 adders
  2 dart slugs
  9 bats
  An endoplasm (D:2)
  2 goblins
  3 hobgoblins
  2 jackals (D:1)
  A quokka (D:1)
  2 ball pythons (D:1)
  A frilled lizard (D:1)
25 creatures vanquished.

Notes
Turn   | Place    | Note
-------+----------+-------------------------------------------
     0 | D:1      | avis the Demigod Hunter began the quest for the Orb.
     0 | D:1      | Reached XP level 1. HP: 17/17 MP: 3/3
   305 | D:1      | Reached skill level 4 in Ranged Weapons
   374 | D:1      | Reached XP level 2. HP: 24/24 MP: 4/4
   932 | D:2      | Found Myib's Book Shop.
  1171 | D:2      | Reached XP level 3. HP: 30/30 MP: 5/5
  1373 | D:2      | Found Kunisit's General Store.
  1403 | D:2      | Found Nafeg's Magic Scroll Boutique.
  1494 | D:2      | Found Bofe Jae's Assorted Antiques.
  1552 | D:2      | Found Nuguth's Assorted Antiques.
  1691 | D:2      | Bought a scroll of noise for 14 gold pieces
  1717 | D:2      | Slain by a gnoll

Illustrated notes

Levels and vault maps discovered:
D:1:      grunt_arrival_lava_bath, layout_basic
D:2:      layout_basic, serial_shops, nicolae_shop_advertising_works
          [nicolae_subvault_shop_adworks], nicolae_shop_window_shopping,
          nicolae_shop_behind_doors, nicolae_shop_hallway_stairs,
          nicolae_diamond_shop, minmay_tromino_v4_a
D:3:      layout_basic, chequers_serial_rivers_micro_b, uniq_terence

Skill      XL: |  1  2  3 |
---------------+----------+-----
Fighting       | 2 3 |  3.0
Ranged Weapons | 4 |  4.1
Dodging        | |  1.7
Stealth        | |  0.8

Action                     || total
---------------------------++-------
   Fire: Shortbow          ||    91
 Armour: Leather armour    ||    22
  Dodge: Dodged            ||    57

Table legend: (Time is in decaauts)
 A = Elapsed time spent in this place.
 B = Non-inter-level travel time spent in this place.
 C = Inter-level travel time spent in this place.
 D = Time resting spent in this place.
 E = Time spent auto-exploring this place.
 F = Levels seen in this place.
 G = Mean time per level.
                   A        B        C        D        E       F      G
               +--------+--------+--------+--------+--------+-----+--------+
         Total |   1752 |   1585 |    167 |    235 |   1003 |   3 |  584.0 |
       Dungeon |   1752 |   1585 |    167 |    235 |   1003 |   3 |  584.0 |
               +--------+--------+--------+--------+--------+-----+--------+

Top non-repeatable levels by time:
     D:1: 1048 daAuts
     D:2: 700 daAuts
     D:3: 3 daAuts
